 Dungeon Crawl Stone Soup version 0.31-a0-1522-g43313d8a59 (webtiles) character file.

Game seed: 4733426785839400814

16 AstroCodex24 the Covered (level 2, -19/25 HPs)
             Began as a Demigod Fighter on Dec 30, 2023.
             Demolished by an iguana (25 damage)
             ... on level 4 of the Dungeon.
             The game lasted 00:01:31 (491 turns).

AstroCodex24 the Covered (Demigod Fighter)           Turns: 491, Time: 00:01:32

Health: -19/25     AC:  6    Str: 17    XL:     2   Next: 24%
Magic:  4/4        EV:  2    Int: 10    God:
Gold:   64         SH:  0    Dex: 13    Spells: 1/1 levels left

rFire   . . .        a - +0 war axe
rCold   . . .        c - +0 buckler
rNeg    . . .        b - +0 scale mail
rPois   .            (no helmet)
rElec   .            (no cloak)
rCorr   .            (no gloves)
SInv    .            (no boots)
Will    .....        (no amulet) Stlth
                     (no ring)
HPRegen 0.24/turn    (no ring)
MPRegen 0.09/turn

%: no passive effects
@: sleeping
A: high MP 1, forlorn, divine attributes
a: no special abilities


You were on level 4 of the Dungeon.
You visited 1 branch of the dungeon, and saw 4 of its levels.

You collected 64 gold pieces.

Inventory:

Hand Weapons
 a - a +0 war axe (weapon)
Armour
 b - a +0 scale mail (worn)
 c - a +0 buckler (worn)
Jewellery
 f - a ring of positive energy
Scrolls
 e - 3 scrolls of teleportation {unknown}
 g - a scroll of enchant armour {unknown}
 h - a scroll of fog {unknown}
 j - a scroll of noise {unknown}
Potions
 d - a potion of might
 i - a potion of attraction {unknown}


   Skills:
 + Level 2.9 Fighting
 + Level 1.9 Axes
 + Level 3.0 Armour
 + Level 2.9 Shields


You had one spell level left.
You didn't know any spells.
Your spell library contained the following spells:

 Spells                   Type           Power      Damage    Failure   Level
 Blink                    Tloc           0%         N/A       94%         2
 Cigotuvi's Dreadful Rot  Necr/Alch/Air  0%         N/A       94%         2
 Lesser Beckoning         Tloc           0%         N/A       94%         2
 Momentum Strike          Conj/Tloc      0%         3d8       94%         2
 Ignite Poison            Fire/Alch      0%         N/A       100%        4
 Freezing Cloud           Conj/Ice/Air   0%         6-21      100%        5


Dungeon Overview and Level Annotations

Branches:
Dungeon (4/15)
 Temple: D:4-7

Shops:
D:1 :


Innate Abilities, Weirdness & Mutations

You have an increased reservoir of magic. (+10% MP)
You shall have no god before yourself.
Your divine heritage dramatically boosts your attributes as you level up.


Message History

You block the adder's attack. x2
You closely miss the adder.
The adder is moderately wounded.
The adder bites you but does no damage. The adder barely misses you.
You barely miss the adder.
The adder is moderately wounded.
The adder barely misses you. You block the adder's attack.
You slash the adder!
You kill the adder!
Your Armour skill increases to level 3!
You have reached level 2!
You pick up a book of Spatial Translocations and begin reading...
You add the spells Blink, Momentum Strike and Lesser Beckoning to your library.
You now have 64 gold pieces (gained 11).
There is a stone staircase leading down here.
You climb downwards.
The iguana hisses angrily.
Found 34 gold pieces and a scroll labelled MAD ZIGEITIV.
There is a stone staircase leading up here.
You barely miss the iguana. You block the iguana's attack.
You hit the iguana.
The iguana is lightly wounded.
An iguana comes into view.
The iguana barely misses you.
You hit the iguana.
The iguana is heavily wounded.
The iguana bites you. x2
You barely miss the iguana.
The iguana is heavily wounded.
You hit the sleepcap. The sleepcap closely misses you. The iguana bites you.
You hit the iguana but do no damage.
The iguana is heavily wounded.
You hit the sleepcap but do no damage. You block the sleepcap's attack.
The iguana bites you. The sleepcap releases spores at you.
* * * LOW HITPOINT WARNING * * *
You are engulfed in a cloud of soporific spores!
You fall asleep.
The iguana bites you!!
Ouch! That really hurt!
You die...

#........
.........
.........
#........ #
#........ #..
#......?.
##...##........
.....$l@f.....$
..##...........
##....l.....
#...........
#..##.#.....
..# ###.#$# ...
.# # .... .


You could see a sleepcap and 2 iguanas.

Vanquished Creatures
  An adder (D:3)
  An endoplasm (D:1)
  A hobgoblin (D:1)
  3 ball pythons
  2 bats
8 creatures vanquished.

Notes
Turn   | Place    | Note
-------+----------+-------------------------------------------
     0 | D:1      | AstroCodex24 the Demigod Fighter began the quest for the
                  | Orb.
     0 | D:1      | Reached XP level 1. HP: 18/18 MP: 3/3
   235 | D:1      | Found Voicredgh's Book Shop.
   457 | D:3      | Reached skill level 3 in Armour
   457 | D:3      | Reached XP level 2. HP: 25/25 MP: 4/4
   491 | D:4      | Demolished by an iguana

Illustrated notes

Levels and vault maps discovered:
D:1:      minmay_arrival_four_loops, layout_loops_corners, serial_shops,
          nicolae_shop_waterfront, corexii_hall_statues_i, st_stairs_11,
          minivault_14, hex_medium
D:2:      layout_basic, hellmonk_ecumenical_altar_blasted,
          nicolae_figureground_pulse
D:3:      layout_loops_ring, serial_bayou_pond_e, minmay_ruptured
D:4:      minmay_bubble_buster, layout_cave_pools, general_overflow_altar,
          kennysheep_mini, mainiacjoe_overflow_alcove_1, temple_statues,
          uniq_natasha, uniq_ijyb, uniq_duvessa

Skill      XL: |  1 |
---------------+----+-----
Armour         | 3 |  3.0
Fighting       | |  2.9
Axes           | |  1.9
Shields        | |  2.9

Action                     || total
---------------------------++-------
  Melee: War axe           ||    23
 Armour: Scale mail        ||    24
  Dodge: Dodged            ||    23
  Block: Buckler           ||    17

Table legend: (Time is in decaauts)
 A = Elapsed time spent in this place.
 B = Non-inter-level travel time spent in this place.
 C = Inter-level travel time spent in this place.
 D = Time resting spent in this place.
 E = Time spent auto-exploring this place.
 F = Levels seen in this place.
 G = Mean time per level.
                   A        B        C        D        E       F      G
               +--------+--------+--------+--------+--------+-----+--------+
         Total |    499 |    449 |     50 |      0 |      0 |   4 |  124.8 |
       Dungeon |    499 |    449 |     50 |      0 |      0 |   4 |  124.8 |
               +--------+--------+--------+--------+--------+-----+--------+

Top non-repeatable levels by time:
     D:1: 305 daAuts
     D:3: 101 daAuts
     D:2: 86 daAuts
     D:4: 6 daAuts
